Map: Honorgrounds LE

Players

Railgan - Winner!

  • Race: Zerg Zerg
  • League: Grandmaster
  • Spawn Location: 5:00

JuicyPeach

  • Race: Terran Terran
  • League: Grandmaster
  • Spawn Location: 11:00

VOD

Have the link to the VOD?

Description

Time

  • Played on: March 11, 2017, 4:33 p.m.
  • Length: 11:06
Show
View Real Time Build Order
Export as new Build Order

Railgan Zerg - Winner!

Build Orders: Pool First, Lurkers 

Get SALT Encoding   

  12  0:01  Drone  
  13  0:13  Overlord  
  13  0:18  Drone  
  14  0:31  Drone x2  
  16  0:37  Drone  
  17  0:47  Spawning Pool  
  16  0:50  Drone  
  17  0:59  Drone  
  18  1:13  Hatchery  
  18  1:15  Extractor  
  18  1:18  Drone  
  17  1:20  Drone  
  18  1:34  Zergling x2  
  18  1:35  Queen  
  21  1:40  Drone  
  22  1:49  Overlord  
  22  2:09  Drone  
  22  2:10  Queen  
  22  2:11  Drone  
  26  2:19  Metabolic Boost  
  26  2:22  Drone  
  27  2:24  Queen  
  27  2:26  Drone  
  30  2:34  Drone  
  31  2:44  Drone x2  
  33  2:45  Drone  
  33  2:47  Overlord  
  33  2:50  Drone x2  
  36  3:04  Evolution Chamber, Drone  
  36  3:07  Drone  
  36  3:10  Drone  
  36  3:11  Overlord  
  38  3:22  Zergling x6  
  38  3:25  Drone x3  
  44  3:29  Overlord  
  44  3:31  Zerg Ground Armor Level 1  
  44  3:32  Drone  
  45  3:36  Drone x2  
  47  3:45  Drone  
  47  3:46  Drone  
  49  3:50  Extractor  
  49  3:51  Extractor  
  49  3:53  Extractor, Zergling x2  
  49  3:54  Zergling x2  
  48  3:58  Drone  
  48  4:00  Lair  
  48  4:01  Spine Crawler  
  48  4:03  Drone x2  
  48  4:09  Drone x3  
  53  4:17  Drone x2  
  53  4:20  Overlord  
  55  4:25  Drone x2  
  55  4:26  Drone  
  55  4:27  Zergling x4  
  60  4:37  Drone  
  60  4:38  Overlord  
  60  4:43  Drone  
  59  4:49  Spore Crawler  
  59  4:51  Spore Crawler  
  56  4:55  Drone x2  
  56  4:59  Spore Crawler  
  57  5:00  Hatchery  
  57  5:01  Hydralisk Den  
  57  5:05  Drone, Overseer  
  56  5:12  Zergling x8  
  60  5:16  Drone  
  60  5:17  Spore Crawler  
  61  5:27  Zerg Ground Armor Level 2  
  61  5:29  Spore Crawler  
  61  5:30  Drone  
  61  5:32  Overlord  
  61  5:34  Evolution Chamber  
  60  5:37  Hydralisk x2  
  64  5:44  Zergling x2  
  64  5:45  Zergling x8  
  67  5:50  Hydralisk  
  67  5:55  Hydralisk  
  67  5:56  Zergling x4  
  67  5:59  Hydralisk  
  67  6:03  Zergling x2  
  65  6:06  Hydralisk  
  67  6:12  Hydralisk, Zergling x2  
  67  6:18  Drone x3  
  70  6:20  Drone x2  
  72  6:29  Drone x2  
  72  6:31  Lurker Den  
  72  6:32  Spore Crawler  
  73  6:33  Drone  
  73  6:35  Zerg Missile Weapons Level 1  
  74  6:45  Drone  
  74  6:46  Drone x5  
  80  6:48  Overlord  
  79  6:56  Drone  
  79  6:58  Drone  
  79  6:59  Overlord  
  79  7:00  Zergling x2  
  81  7:04  Overlord  
  81  7:05  Queen  
  83  7:08  Overlord  
  83  7:13  Hydralisk  
  85  7:18  Hydralisk x3  
  90  7:23  Drone x2  
  90  7:28  Hydralisk x2  
  90  7:29  Drone  
  96  7:30  Drone  
  96  7:31  Drone  
  96  7:35  Drone x4  
  100  7:39  Extractor  
  100  7:40  Hydralisk  
  100  7:41  Extractor  
  100  7:45  Pneumatized Carapace  
  100  7:48  Hydralisk x2  
  104  7:52  Spine Crawler  
  103  8:05  Zergling x4, Queen  
  107  8:13  Hatchery  
  107  8:14  Zerg Melee Weapons Level 1, Zergling x2  
  107  8:16  Lurker x6  
  107  8:17  Overlord  
  107  8:19  Overlord  
  113  8:25  Overlord  
  113  8:29  Overlord  
  113  8:32  Overlord  
  113  8:34  Overlord  
  113  8:41  Hydralisk x6  
  125  8:54  Hydralisk x5  
  131  9:04  Hydralisk x3  
  131  9:08  Hydralisk  
  131  9:09  Hydralisk x2  
  143  9:10  Hydralisk  
  143  9:15  Zergling x8  
  149  9:23  Overlord, Zergling x2  
  150  9:28  Drone x3  
  153  9:32  Zergling x2  
  153  9:33  Overlord  
  153  9:36  Lurker  
  153  9:37  Lurker x2  
  157  9:51  Hydralisk x5  
  167  9:53  Zergling x6  
  167  9:54  Zergling x6  
  167  9:58  Hydralisk  
  175  10:00  Overlord  
  175  10:09  Overlord  
  175  10:13  Overlord  
  175  10:17  Infestation Pit  
  175  10:19  Zergling x12  
  177  10:32  Hydralisk  
  177  10:33  Hydralisk x3  
Show
View Real Time Build Order
Export as new Build Order

JuicyPeach Terran 

Build Orders: Reaper Expand, MMM Bio 

Get SALT Encoding   

  12  0:00  SCV  
  13  0:12  SCV  
  14  0:18  Supply Depot  
  14  0:24  SCV  
  15  0:39  SCV  
  15  0:41  Barracks  
  16  0:44  Refinery  
  16  0:51  SCV  
  17  1:03  SCV  
  18  1:15  SCV  
  19  1:28  Reaper, Orbital Command  
  20  1:43  Command Center  
  20  1:50  Refinery  
  20  1:54  SCV  
  20  2:00  Supply Depot  
  21  2:04  Barracks Reactor  
  21  2:09  SCV  
  22  2:21  Factory, SCV  
  23  2:33  SCV  
  24  2:41  Marine x2  
  25  2:45  SCV  
  26  2:57  Orbital Command  
  26  3:04  SCV  
  27  3:11  Starport  
  27  3:16  Cyclone  
  30  3:21  Cyclone  
  30  3:24  SCV  
  34  3:27  SCV  
  34  3:32  Barracks Tech Lab  
  35  3:36  SCV  
  35  3:40  SCV  
  37  3:48  SCV  
  38  3:49  Hellion  
  38  3:52  SCV  
  38  3:53  Hellion  
  43  3:57  Supply Depot  
  43  4:00  SCV  
  43  4:02  Cloaking Field  
  44  4:04  SCV  
  45  4:12  Hellion  
  46  4:17  Supply Depot  
  46  4:19  Banshee, SCV x2  
  52  4:31  SCV x2  
  52  4:33  Supply Depot  
  52  4:38  Hellion  
  52  4:43  SCV  
  52  4:48  SCV  
  53  4:53  Command Center  
  53  4:58  SCV  
  54  5:03  Banshee  
  54  5:06  SCV  
  58  5:12  SCV  
  59  5:19  SCV  
  59  5:20  Barracks  
  60  5:21  Barracks  
  60  5:25  Factory Reactor  
  60  5:27  Barracks Tech Lab, SCV  
  61  5:30  Engineering Bay  
  61  5:31  Engineering Bay, Supply Depot  
  61  5:37  SCV  
  61  5:39  Refinery  
  61  5:40  Refinery  
  62  5:46  Marine  
  62  5:53  SCV  
  62  5:54  SCV  
  60  5:57  Terran Infantry Weapons Level 1  
  60  5:58  Terran Infantry Armor Level 1  
  53  6:05  SCV  
  53  6:08  SCV  
  53  6:09  Orbital Command  
  55  6:13  Factory Reactor  
  55  6:17  SCV  
  48  6:20  SCV  
  48  6:21  Marine x2  
  48  6:22  Marine  
  48  6:23  Stimpack  
  50  6:28  Barracks x2  
  50  6:29  Starport Reactor, SCV  
  50  6:32  Marine, SCV, Combat Shields  
  53  6:39  Marine, Orbital Command  
  54  6:40  Marine  
  54  6:41  Marine, SCV  
  54  6:44  SCV  
  58  6:50  Marine  
  59  6:54  SCV  
  59  6:57  Marine  
  59  7:00  SCV  
  59  7:06  Medivac x2  
  59  7:07  SCV  
  64  7:09  Factory Tech Lab  
  64  7:10  Supply Depot  
  64  7:12  SCV  
  64  7:13  Armory  
  61  7:15  SCV  
  61  7:16  Marine  
  61  7:17  Marine  
  61  7:19  SCV  
  64  7:24  SCV  
  64  7:28  Marine x2  
  65  7:32  Marine x2  
  65  7:34  Siege Tank  
  65  7:35  Marine  
  68  7:40  SCV x2  
  68  7:42  SCV  
  71  7:46  Marine x2  
  71  7:50  Marine x2  
  71  7:51  Supply Depot  
  75  7:52  SCV x2  
  75  7:53  Marine  
  75  7:54  SCV  
  79  8:01  Terran Infantry Weapons Level 2, Liberator  
  79  8:03  Terran Infantry Armor Level 2  
  79  8:04  SCV x2  
  79  8:05  Marine  
  82  8:08  Marine x2  
  82  8:10  SCV  
  85  8:15  Marine x2  
  85  8:19  SCV  
  91  8:20  SCV  
  91  8:22  Supply Depot  
  92  8:28  SCV  
  92  8:29  Marine x3  
  92  8:30  Marine x2, Supply Depot  
  92  8:31  Siege Tank  
  92  8:34  Unknown  
  101  8:35  Supply Depot  
  101  8:43  Marine x3  
  101  8:44  SCV  
  104  8:52  SCV  
  104  8:53  SCV  
  104  8:55  Terran Vehicle Weapons Level 1  
  102  9:04  Liberator  
  102  9:05  SCV x3  
  102  9:07  Command Center  
  92  9:12  Marine x2  
  94  9:20  Marine x4  
  94  9:21  Refinery  
  94  9:22  Refinery  
  101  9:25  Missile Turret  
  101  9:28  Marine  
  101  9:29  Siege Tank  
  105  9:39  Barracks Reactor  
  106  9:45  SCV x2  
  106  9:46  Supply Depot, SCV  
  106  9:48  Marine x2  
  106  9:49  Marine x4  
  115  9:57  Medivac, SCV  
  115  9:58  Factory  
  115  9:59  SCV  
  119  10:04  Medivac  
  119  10:06  Marine  
  122  10:07  SCV  
  122  10:09  Barracks Reactor  
  122  10:12  Marine x3  
  122  10:13  Marine x2, Supply Depot, Siege Tank  
  130  10:27  Missile Turret, Medivac  
  132  10:31  Marine x4, Supply Depot x2  
  132  10:32  Marine  
  132  10:33  Supply Depot  
  132  10:34  Supply Depot  
  136  10:46  Marine, Barracks Tech Lab  
  136  10:47  Marine  
  135  10:53  Factory Tech Lab  
  141  10:57  Refinery  
Tags
 
Add a new tag
Caveats
  • Supply blocks, unpowered buildings, or Contaminate may cause inaccurate times.
  • Supply counts are checked every 10 seconds.